PCL
GRESHAM GOLD SOULS @ TEXARKANA BEARS
07/14/2026
 
TOP OF THE 1ST
Gresham Gold Souls batting - Pitching for Lansing Lugnuts : LHP Juan Barrera
Pitching: LHP Juan Barrera
Batting: RHB Peter Hensley 0-0: Called Strike
0-1: Ball
1-1: Fly out, F8 (Flyball, 8LS)
Batting: RHB Claudio Guerra 0-0: Ball
1-0: SINGLE (Line Drive, 56)
Batting: LHB Vicente Bueno 0-0: Foul Ball, location: 2F
0-1: Swinging Strike
0-2: Strikes out swinging
Batting: RHB Lorenzo Morín 0-0: Ground out 4-3 (Groundball, 4)
Top of the 1st over - 0 run(s), 1 hit(s), 0 error(s), 1 left on base; Gresham 0 - Lansing 0
BOTTOM OF THE 1ST
Lansing Lugnuts batting - Pitching for Gresham Gold Souls : LHP Kip Manning
Pitching: LHP Kip Manning
Batting: RHB David Murray 0-0: Called Strike
0-1: Ball
1-1: Foul Ball, location: 2F
1-2: Strikes out swinging
Batting: RHB Wilson Gómez 0-0: Called Strike
0-1: Swinging Strike
0-2: Strikes out swinging
Batting: RHB Billy Campbell 0-0: Ball
1-0: Ball
2-0: Foul Ball, location: 2F
2-1: Foul Ball, location: 2F
2-2: Ball
3-2: Strikes out swinging
Bottom of the 1st over - 0 run(s), 0 hit(s), 0 error(s), 0 left on base; Gresham 0 - Lansing 0
TOP OF THE 2ND
Gresham Gold Souls batting - Pitching for Lansing Lugnuts : LHP Juan Barrera
Batting: RHB Rob Bailey 0-0: Ball
1-0: Foul Ball, location: 2F
1-1: Ball
2-1: Ball
3-1: Swinging Strike
3-2: Foul Ball, location: 2F
3-2: Base on Balls
Batting: LHB Jeff Doss 0-0: Ball
1-0: Ball
2-0: Foul Ball, location: 2F
2-1: Swinging Strike
2-2: Ball
3-2: Strikes out swinging
Batting: SHB Todd Smith 0-0: Fly out, F5 (Popup, 25)
Batting: RHB Pablo Castillo 0-0: Hit by Pitch
Rob Bailey to second
Batting: RHB Pepe Medrano 0-0: Ball
1-0: Called Strike
1-1: Foul Ball, location: 2F
1-2: Ball
2-2: Ball
3-2: Strikes out swinging
Top of the 2nd over - 0 run(s), 0 hit(s), 0 error(s), 2 left on base; Gresham 0 - Lansing 0
BOTTOM OF THE 2ND
Lansing Lugnuts batting - Pitching for Gresham Gold Souls : LHP Kip Manning
Batting: LHB Tom Mullins 0-0: Ground out 5-3 (Groundball, 5S)
Batting: RHB Juan Rico 0-0: Fly out, F8 (Flyball, 8LM)
Batting: LHB Sam Barnes 0-0: Ball
1-0: Ball
2-0: Called Strike
2-1: SINGLE (Groundball, 34D)
Batting: RHB Tony Reyes 0-0: Ball
1-0: Foul Ball, location: 2F
1-1: Ground out 6-3 (Groundball, 6)
Bottom of the 2nd over - 0 run(s), 1 hit(s), 0 error(s), 1 left on base; Gresham 0 - Lansing 0
TOP OF THE 3RD
Gresham Gold Souls batting - Pitching for Lansing Lugnuts : LHP Juan Barrera
Batting: RHB Peter Hensley 0-0: Called Strike
0-1: Swinging Strike
0-2: Ball
1-2: SINGLE (Groundball, 56)
Batting: RHB Claudio Guerra 0-0: Ball
1-0: Ball
2-0: Fly out, F9 (Flyball, 89M)
Batting: LHB Vicente Bueno 0-0: Ball
1-0: SINGLE (Line Drive, 8RS)
Peter Hensley to second
Batting: RHB Lorenzo Morín 0-0: Called Strike
0-1: Foul Ball, location: 2F
0-2: Foul Ball, location: 2F
0-2: Grounds into double play, 6-4-3 (Groundball, 56)
Top of the 3rd over - 0 run(s), 2 hit(s), 0 error(s), 1 left on base; Gresham 0 - Lansing 0
BOTTOM OF THE 3RD
Lansing Lugnuts batting - Pitching for Gresham Gold Souls : LHP Kip Manning
Batting: RHB Sadao Kimura 0-0: Foul Ball, location: 2F
0-1: SOLO HOME RUN (Flyball, 78XD), Distance : 428 ft
Batting: RHB Steve Garneys 0-0: Ground out 1-3 (Groundball, 15)
Batting: RHB David Murray 0-0: Ball
1-0: Called Strike
1-1: Ball
2-1: Ground out 1-3 (Groundball, 13S)
Batting: RHB Wilson Gómez 0-0: Ball
1-0: Ball
2-0: Swinging Strike
2-1: Swinging Strike
2-2: SINGLE (Flyball, 8RS)
Batting: RHB Billy Campbell 0-0: Fly out, F9 (Flyball, 9M)
Bottom of the 3rd over - 1 run(s), 2 hit(s), 0 error(s), 1 left on base; Gresham 0 - Lansing 1
TOP OF THE 4TH
Gresham Gold Souls batting - Pitching for Lansing Lugnuts : LHP Juan Barrera
Batting: RHB Rob Bailey 0-0: Called Strike
0-1: Ball
1-1: Foul Ball, location: 2F
1-2: Foul Ball, location: 2F
1-2: Ball
2-2: Ball
3-2: Fly out, F9 (Flyball, 9M)
Batting: LHB Jeff Doss 0-0: Ball
1-0: Ball
2-0: Ball
3-0: Base on Balls
Batting: SHB Todd Smith 0-0: Foul Ball, location: 2F
0-1: Foul Ball, location: 2F
0-2: DOUBLE (Flyball, 9D)
Jeff Doss to third
Pinch Runner at 2nd Jim Edgar:
Batting: RHB Pablo Castillo 0-0: Foul Ball, location: 2F
0-1: Called Strike
0-2: Ball
Balk!
Jeff Doss scores
Jim Edgar to third
1-2: Strikes out swinging
Batting: RHB Pepe Medrano 0-0: Ball
1-0: Swinging Strike
1-1: Fly out, F5 (Popup, 5S)
Top of the 4th over - 1 run(s), 1 hit(s), 0 error(s), 1 left on base; Gresham 1 - Lansing 1
BOTTOM OF THE 4TH
Lansing Lugnuts batting - Pitching for Gresham Gold Souls : LHP Kip Manning
Batting: LHB Tom Mullins 0-0: Ball
1-0: Ball
2-0: Called Strike
2-1: Foul Ball, location: 2F
2-2: Ball
3-2: Strikes out swinging
Batting: RHB Juan Rico 0-0: Called Strike
0-1: Foul Ball, location: 2F
0-2: Strikes out swinging
Batting: LHB Sam Barnes 0-0: Ball
1-0: Ball
2-0: Swinging Strike
2-1: Fly out, F8 (Flyball, 8LS)
Bottom of the 4th over - 0 run(s), 0 hit(s), 0 error(s), 0 left on base; Gresham 1 - Lansing 1
TOP OF THE 5TH
Gresham Gold Souls batting - Pitching for Lansing Lugnuts : LHP Juan Barrera
Batting: RHB Peter Hensley 0-0: Ball
1-0: Called Strike
1-1: Ball
2-1: Called Strike
2-2: Foul Ball, location: 2F
2-2: Ball
3-2: Fly out, F6 (Popup, 4MS)
Batting: RHB Claudio Guerra 0-0: Foul Ball, location: 2F
0-1: Ball
1-1: Ball
2-1: SINGLE (Groundball, 5D)
Batting: LHB Vicente Bueno 0-0: Ball
1-0: TRIPLE (Line Drive, 7LS)
Claudio Guerra scores
Batting: RHB Lorenzo Morín 0-0: Called Strike
0-1: Ball
1-1: Ball
2-1: Foul Ball, location: 2F
2-2: Foul Ball, location: 2F
2-2: DOUBLE (Flyball, 7D)
Vicente Bueno scores
Batting: RHB Rob Bailey 0-0: Ground out 3-1 (Groundball, 34S)
Lorenzo Morín to third
Batting: LHB Jeff Doss 0-0: Ball
1-0: Foul Ball, location: 2F
1-1: Fly out, F5 (Popup, 5S)
Top of the 5th over - 2 run(s), 3 hit(s), 0 error(s), 1 left on base; Gresham 3 - Lansing 1
BOTTOM OF THE 5TH
Lansing Lugnuts batting - Pitching for Gresham Gold Souls : LHP Kip Manning
Batting: RHB Tony Reyes 0-0: Ground out 5-3 (Groundball, 5L)
Batting: RHB Sadao Kimura 0-0: Ball
1-0: Ball
2-0: Called Strike
2-1: Ball
3-1: Base on Balls
Batting: RHB Steve Garneys 0-0: Ball
1-0: Foul Ball, location: 2F
1-1: Ball
2-1: Foul Ball, location: 2F
2-2: Fly out, F9 (Flyball, 9LM)
Batting: RHB David Murray 0-0: Ball
1-0: Foul Ball, location: 2F
1-1: Ball
2-1: Fly out, F4 (Popup, 4D)
Bottom of the 5th over - 0 run(s), 0 hit(s), 0 error(s), 1 left on base; Gresham 3 - Lansing 1
TOP OF THE 6TH
Gresham Gold Souls batting - Pitching for Lansing Lugnuts : LHP Juan Barrera
Batting: RHB Jim Edgar 0-0: Ball
1-0: Ball
2-0: Foul Ball, location: 2F
2-1: Foul Ball, location: 2F
2-2: Strikes out swinging
Batting: RHB Pablo Castillo 0-0: Ball
1-0: Fly out, F9 (Popup, 89S)
Batting: RHB Pepe Medrano 0-0: Foul Ball, location: 2F
0-1: Ball
1-1: Fly out, F8 (Flyball, 8RD)
Top of the 6th over - 0 run(s), 0 hit(s), 0 error(s), 0 left on base; Gresham 3 - Lansing 1
BOTTOM OF THE 6TH
Lansing Lugnuts batting - Pitching for Gresham Gold Souls : LHP Kip Manning
Batting: RHB Wilson Gómez 0-0: Fly out, F9 (Flyball, 89M)
Batting: RHB Billy Campbell 0-0: Called Strike
0-1: SINGLE (Line Drive, 6MD)
Batting: LHB Tom Mullins 0-0: Ball
1-0: Foul Ball, location: 2F
1-1: Ball
2-1: Ball
3-1: Grounds into double play, 4-6-3 (Groundball, 34)
Bottom of the 6th over - 0 run(s), 1 hit(s), 0 error(s), 0 left on base; Gresham 3 - Lansing 1
TOP OF THE 7TH
Gresham Gold Souls batting - Pitching for Lansing Lugnuts : LHP Juan Barrera
Pitching: RHP Alberto Márquez
Batting: RHB Peter Hensley 0-0: Ball
1-0: Foul Ball, location: 2F
1-1: Called Strike
1-2: Ground out 4-3 (Groundball, 4M)
Batting: RHB Claudio Guerra 0-0: Swinging Strike
0-1: Called Strike
0-2: Strikes out swinging
Batting: LHB Vicente Bueno 0-0: Ball
1-0: Ball
2-0: Called Strike
2-1: Ball
3-1: Swinging Strike
3-2: Foul Ball, location: 2F
3-2: Strikes out swinging
Top of the 7th over - 0 run(s), 0 hit(s), 0 error(s), 0 left on base; Gresham 3 - Lansing 1
BOTTOM OF THE 7TH
Lansing Lugnuts batting - Pitching for Gresham Gold Souls : LHP Kip Manning
Batting: RHB Juan Rico 0-0: Swinging Strike
0-1: Foul Ball, location: 2F
0-2: Foul Ball, location: 2F
0-2: Ball
1-2: Foul Ball, location: 2F
1-2: Fly out, F9 (Flyball, 9M)
Batting: LHB Sam Barnes 0-0: Ball
1-0: Called Strike
1-1: Swinging Strike
1-2: Strikes out looking
Batting: RHB Tony Reyes 0-0: Called Strike
0-1: Ball
1-1: Ball
2-1: Fly out, F8 (Flyball, 8LD)
Bottom of the 7th over - 0 run(s), 0 hit(s), 0 error(s), 0 left on base; Gresham 3 - Lansing 1
TOP OF THE 8TH
Gresham Gold Souls batting - Pitching for Lansing Lugnuts : RHP Alberto Márquez
Batting: RHB Lorenzo Morín 0-0: Swinging Strike
0-1: Called Strike
0-2: Strikes out swinging
Batting: RHB Rob Bailey 0-0: Foul Ball, location: 2F
0-1: Fly out, F9 (Flyball, 89M)
Batting: LHB Jeff Doss 0-0: Called Strike
0-1: Ground out 4-3 (Groundball, 4)
Top of the 8th over - 0 run(s), 0 hit(s), 0 error(s), 0 left on base; Gresham 3 - Lansing 1
BOTTOM OF THE 8TH
Lansing Lugnuts batting - Pitching for Gresham Gold Souls : LHP Kip Manning
Pitching: RHP Isaac Coleman
Batting: RHB Sadao Kimura 0-0: Ball
1-0: Foul Ball, location: 2F
1-1: Foul Ball, location: 2F
1-2: Ground out 6-3 (Groundball, 6M)
Batting: RHB Steve Garneys 0-0: Called Strike
0-1: Foul Ball, location: 2F
0-2: Strikes out looking
Batting: RHB David Murray 0-0: Ball
1-0: Called Strike
1-1: Foul Ball, location: 2F
1-2: Foul Ball, location: 2F
1-2: SINGLE (Groundball, 56)
Pitching: RHP Jamal Clayton
Batting: RHB Wilson Gómez 0-0: Ball
1-0: Foul Ball, location: 2F
1-1: Ball
2-1: Ball
3-1: Base on Balls
David Murray to second
Batting: RHB Billy Campbell 0-0: Ball
1-0: Foul Ball, location: 2F
1-1: Called Strike
1-2: Foul Ball, location: 2F
1-2: Ground out 5-3 (Groundball, 5S)
Bottom of the 8th over - 0 run(s), 1 hit(s), 0 error(s), 2 left on base; Gresham 3 - Lansing 1
TOP OF THE 9TH
Gresham Gold Souls batting - Pitching for Lansing Lugnuts : RHP Alberto Márquez
Batting: RHB Jim Edgar 0-0: Fly out, F9 (Line Drive, 89S)
Batting: RHB Pablo Castillo 0-0: Ground out 6-3 (Groundball, 6)
Batting: RHB Pepe Medrano 0-0: Foul Ball, location: 2F
0-1: Foul Ball, location: 2F
0-2: Ball
1-2: SINGLE (Groundball, 15S) (infield hit)
Batting: RHB Peter Hensley 0-0: Called Strike
0-1: Ball
Pepe Medrano steals 2nd base
1-1: Fly out, F9 (Flyball, 9M)
Top of the 9th over - 0 run(s), 1 hit(s), 0 error(s), 1 left on base; Gresham 3 - Lansing 1
BOTTOM OF THE 9TH
Lansing Lugnuts batting - Pitching for Gresham Gold Souls : RHP Jamal Clayton
Pitching: RHP Luis Fernández
Batting: LHB Tom Mullins 0-0: Foul Ball, location: 2F
0-1: Called Strike
0-2: Ball
1-2: Strikes out looking
Batting: RHB Juan Rico 0-0: Called Strike
0-1: Ball
1-1: Swinging Strike
1-2: Foul Ball, location: 2F
1-2: Ball
2-2: Strikes out swinging
Batting: LHB Sam Barnes 0-0: Ball
1-0: Foul Ball, location: 2F
1-1: Ball
2-1: SINGLE (Line Drive, 6D)
Batting: RHB Tony Reyes 0-0: Called Strike
0-1: Foul Ball, location: 2F
0-2: Ball
1-2: Ball
2-2: Foul Ball, location: 2F
2-2: Foul Ball, location: 2F
2-2: Foul Ball, location: 2F
2-2: Ball
3-2: Foul Ball, location: 2F
3-2: Strikes out swinging
Bottom of the 9th over - 0 run(s), 1 hit(s), 0 error(s), 1 left on base; Gresham 3 - Lansing 1
Monday, December 5th, 2016 - OOTP Baseball 17.12 Build 75